 Dungeon Crawl Stone Soup version 0.21.1-1-g345015fe64 (webtiles) character file.

119 Lennu the Ruffian (level 4, -2/36 HPs)
             Began as a Draconian Transmuter on May 25, 2018.
             Slain by a hornet zombie (7 damage)
             ... on level 3 of the Dungeon.
             The game lasted 00:06:33 (2720 turns).

Lennu the Ruffian (Draconian Transmuter)            Turns: 2720, Time: 00:06:33

Health: -2/36      AC:  5    Str: 13      XL:     4   Next: 73%
Magic:  7/7        EV: 12    Int: 12 (14) God:
Gold:   56         SH:  2    Dex: 10 (11) Spells: 7/8 levels left

rFire    . . .     SeeInvis .     - Unarmed
rCold    . . .     Gourm    .   (no shield)
rNeg     . . .     Faith    .   (armour unavailable)
rPois    .         Spirit   .   (helmet restricted)
rElec    .         Reflect  +   (no cloak)
rCorr    .         Harm     .   (no gloves)
MR       .....                  (no boots)
Stlth    +.........             n - +2 amulet of reflection
HPRegen  0.12/turn              (no ring)
MPRegen  0.10/turn              (no ring)

@: no status effects
A: unfitting armour, cold-blooded, AC +5
a: no special abilities


You were on level 3 of the Dungeon.
You were not hungry.

You visited 1 branch of the dungeon, and saw 3 of its levels.

You collected 56 gold pieces.

Inventory:

Missiles
 a - 30 arrows
Jewellery
 n - a +2 amulet of reflection (around neck)
Scrolls
 d - a scroll of immolation {unknown}
 f - a scroll of remove curse
 g - a scroll of teleportation {unknown}
 h - 3 scrolls of amnesia {unknown}
 j - 4 scrolls of identify {unknown}
 m - a scroll of magic mapping {unknown}
Potions
 e - a potion of brilliance
Books
 b - a book of Changes

   Spells                             Type                      Level
   a - Beastly Appendage              Transmutation                1
   b - Sticks to Snakes               Transmutation                2
   c - Spider Form                    Transmutation/Poison         3
   d - Ice Form                       Ice/Transmutation            4
   e - Blade Hands                    Transmutation                5
Comestibles
 c - 6 rations
 i - 4 chunks of flesh


   Skills:
 * Level 1.7 Fighting
 * Level 2.2 Dodging
 * Level 4.2 Unarmed Combat
 * Level 2.6 Spellcasting
 * Level 2.8 Transmutations


You had 7 spell levels left.
You knew the following spells:

 Your Spells              Type           Power        Failure   Level  Hunger
a - Beastly Appendage     Tmut           #.....       8%          1    #......


Dungeon Overview and Level Annotations

Branches:
Dungeon (3/15)

Altars:

Annotations:
D:3 supermoro's ghost, amateur KoEn


Innate Abilities, Weirdness & Mutations

Your plain brown scales are hard. (AC +5)
You cannot fit into any form of body armour.
You are cold-blooded and may be slowed by cold attacks.


Message History

The floor.
You hit the hornet zombie.
The hornet zombie is lightly damaged.
The hornet zombie hits you. The hornet zombie hits you.
Your horns disappear.
The hornet zombie hits you. The hornet zombie barely misses you.
Okay, then.
You block the hornet zombie's attack. The hornet zombie misses you.
The hornet zombie hits you!
* * * LOW HITPOINT WARNING * * *
A dart slug comes into view.
The hornet zombie hits you but does no damage.
The dart slug launches a dart at you. The slug dart hits you!
* * * LOW HITPOINT WARNING * * *
The hornet zombie hits you!
You die...

#.#...#..###..#.##.##.#
###.#...#..# #..#.##.##.###
.......#..# #............#
###.#...#..###..#..#.##.###
.........W.........#.##.#
###.#...#..........#.##.#######
........#.#####.#..#..........#
.##.##..#.# #.Z..####.#####.#
........#)# #.@..# #.# #.#
......W.#.# #....# #.# #.#
.##.##..#.# #w#..# #.# #.###
..).....#.# #.#..# #.# #.#.#
.##.###.#.# ...... ### #.#.#
.##.# #.#.. ........ #...#
.##.###.### #####..## #.#(#
.##........ #.# #.#.#
........### ###.#


You could see a dart slug and a hornet zombie.

Vanquished Creatures
  An orc priest (D:3)
  4 adders
  A worm (D:3)
  A dart slug (D:1)
  A leopard gecko (D:3)
  11 orcs (D:3)
  A giant cockroach (D:2)
  2 goblins (D:2)
  2 hobgoblins
  3 kobolds
  A quokka (D:2)
  2 bats (D:1)
  2 frilled lizards
  7 rats
39 creatures vanquished.

Notes
Turn   | Place    | Note
-------+----------+-------------------------------------------
     0 | D:1      | Lennu the Draconian Transmuter began the quest for the Orb.
     0 | D:1      | Reached XP level 1. HP: 16/16 MP: 3/3
   754 | D:1      | Reached XP level 2. HP: 20/23 MP: 3/5
  1290 | D:2      | Reached XP level 3. HP: 7/28 MP: 4/6
  2153 | D:3      | HP: 2/42 [orc priest/divine providence (15)]
  2154 | D:3      | Reached skill level 4 in Unarmed Combat
  2154 | D:3      | Reached XP level 4. HP: 2/36 MP: 5/7
  2692 | D:3      | Noticed supermoro's ghost (amateur KoEn)
  2720 | D:3      | Slain by a hornet zombie

Skill      XL: |  1  2  3 |
---------------+----------+-----
Dodging        | 2 |  2.2
Unarmed Combat | 4 |  4.2
Fighting       | |  1.7
Spellcasting   | |  2.6
Transmutations | |  2.8

Action                   |  1- 3 |  4- 6 || total
-------------------------+-------+-------++-------
Melee: Unarmed           |   105 |    47 ||   152
       Kick              |     4 |     3 ||     7
       Tailslap          |     9 |       ||     9
       Headbutt          |     7 |     6 ||    13
       Punch             |     1 |       ||     1
 Cast: Beastly Appendage |    17 |     7 ||    24
  Use: Scroll            |     2 |       ||     2
       Potion            |     6 |     2 ||     8
  Eat: Ration            |     1 |       ||     1
       Chunk             |     1 |     2 ||     3
Armor: Skin              |    25 |     8 ||    33
Dodge: Dodged            |    61 |    19 ||    80
Block: Other             |     1 |     2 ||     3
